 Dungeon Crawl Stone Soup version 0.24.0-123-gd5b16e6ec5 (webtiles) character file.

Game seed: 18109178051049659732, levelgen mode: deterministic

2136 sawburst the Grappler (level 9, -7/84 HPs)
             Began as a Troll Berserker on Jan 3, 2020.
             Was a Priest of Trog.
             Killed by divine providence
             ... invoked by an orc priest
              (11 damage)
             ... on level 5 of the Dungeon.
             The game lasted 00:16:44 (3723 turns).

sawburst the Grappler (Troll Berserker)             Turns: 3723, Time: 00:16:45

Health: -7/84      AC:  7    Str: 30    XL:     9   Next: 9%
Magic:  9/9        EV: 12    Int:  3    God:    Trog [***...]
Gold:   161        SH:  0    Dex:  9    Spells: 8/8 levels left

rFire    . . .     SeeInvis +     - Unarmed
rCold    . . .     Gourm    +   (no shield)
rNeg     . . .     Faith    .   a - +1 animal skin
rPois    .         Spirit   .   (helmet restricted)
rElec    .         Reflect  .   (no cloak)
rCorr    .         Harm     .   (gloves unavailable)
MR       +++..                  (boots unavailable)
Stlth    ++........             (no amulet)
HPRegen  1.64/turn              e - ring of see invisible
MPRegen  0.11/turn              d - ring of flight

@: berserk cooldown, starving, regenerating, slowed, very slow
A: large, unfitting armour, claws 3, blink, fast metabolism 3, gourmand, high mp
1, magic resistance 1, regeneration 1, shaggy fur 1, tough skin 3
a: Blink, Berserk, Trog's Hand, Renounce Religion, Evoke Flight


You were on level 5 of the Dungeon.
You worshipped Trog.
Trog was most pleased with you.
You were starving.

You visited 1 branch of the dungeon, and saw 5 of its levels.

You collected 161 gold pieces.

Inventory:

Armour
 a - a +1 animal skin (worn)
 h - the -1 helmet "Betucyn" {rPois rC+ MP+9 Stlth-}
   (You took it off Robin on level 3 of the Dungeon)

   It protects you from cold.
   It protects you from poison.
   It affects your magic capacity (+9).
   It makes you less stealthy.
Jewellery
 d - a ring of flight (right claw)
 e - a ring of see invisible (left claw)
Wands
 i - a wand of disintegration (4)
Scrolls
 c - a scroll of identify
 g - a scroll of enchant weapon
 j - a scroll of remove curse
Potions
 f - a potion of flight
Comestibles
 b - 8 rations


   Skills:
 + Level 3.9 Fighting
 + Level 5.6 Dodging
 + Level 1.9 Stealth
 + Level 9.4 Unarmed Combat
 + Level 0.5 Evocations


You had 8 spell levels left.
You didn't know any spells.
Your spell library was empty.

Dungeon Overview and Level Annotations

Branches:
Dungeon (5/15)
 Temple: D:4-7

Altars:
Cheibriados
Elyvilon
Kikubaaqudgha
Trog
The Shining One
Beogh

Shops:
D:4 ?(

Annotations:
D:5 Xerdoz's ghost, amateur DDFi


Innate Abilities, Weirdness & Mutations

You are too large for most types of armour.
You have claws for hands.
Your metabolism is lightning-fast.
You like to eat raw meat.
Your natural rate of healing is unusually fast.
You are covered in fur. (AC +1)
You have extremely tough skin. (AC +3)
You can translocate small distances at will.
You have an increased reservoir of magic. (+10% MP)
You are resistant to hostile enchantments. (MR+)


Message History

Xerdoz's ghost is severely damaged.
The orc priest invokes the aid of Beogh against you.
Beogh smites you!
* * * LOW HITPOINT WARNING * * *
Xerdoz's ghost closely misses you.
The orc priest hits you but does no damage.
Xerdoz's ghost hits you.
* * * LOW HITPOINT WARNING * * *
The orc priest begins to cast a cantrip, but forgets the words!
Xerdoz's ghost hits you!
* * * LOW HITPOINT WARNING * * *
You claw Xerdoz's ghost!
Xerdoz's ghost is almost destroyed.
Xerdoz's ghost hits you!
* * * LOW HITPOINT WARNING * * *
You scratch Xerdoz's ghost but do no damage.
Xerdoz's ghost is almost destroyed.
The orc priest mumbles some strange prayers to Beogh against you.
Beogh smites you!
You die...

..........
.........##############
.........#8....[_[....8
.........#............
.........#.#8#..8..#8# #
#........#.###.....###.#
#.......#....#####....#
#.>.).#...o)W@......#
###.))######oo)######
#...)8.....).......8
#............#######
#................ ###
#.........##....... .#### #..
#.........######.........###..
#...........### ###.........#.
#.............## #........


You could see an orc priest, Xerdoz's ghost and 2 orcs.

Vanquished Creatures
  Grinder (D:5)
  Prince Ribbit (D:5)
  3 hippogriffs
  The ghost of gargbit the Conjurer, an amateur GrWz of Vehumet (D:4)
  An ice beast (D:5)
  A phantom (D:5)
  A centaur (D:5)
  An ogre (D:4)
  A howler monkey (D:5)
  A gnoll shaman (D:4)
  5 orc priests
  3 hounds
  2 orc wizards
  Ijyb (D:5)
  Terence (D:2)
  3 iguanas
  2 worker ants (D:5)
  Robin (D:3)
  5 gnolls (D:4)
  3 adders
  A shadow imp (D:4)
  An adder skeleton (D:4)
  3 worms
  5 dart slugs
  2 leopard geckos (D:5)
  22 orcs
  2 giant cockroaches (D:3)
  18 goblins
  5 hobgoblins
  3 jackals (D:2)
  4 kobolds
  4 quokkas
  10 bats
  5 frilled lizards
  4 rats (D:2)
127 creatures vanquished.

Notes
Turn   | Place    | Note
-------+----------+-------------------------------------------
     0 | D:1      | sawburst the Troll Berserker began the quest for the Orb.
     0 | D:1      | Reached XP level 1. HP: 22/22 MP: 0/0
   212 | D:1      | Reached XP level 2. HP: 29/29 MP: 1/1
   432 | D:1      | Gained mutation: You can translocate small distances at
                  | will. [potion of mutation]
   432 | D:1      | Gained mutation: You have an increased reservoir of magic.
                  | (+10% MP) [potion of mutation]
   432 | D:1      | Gained mutation: You are resistant to hostile enchantments.
                  | (MR+) [potion of mutation]
   733 | D:2      | Found an ancient bone altar of Kikubaaqudgha.
   763 | D:2      | Reached XP level 3. HP: 36/36 MP: 2/2
   865 | D:2      | Noticed Terence
   873 | D:2      | Killed Terence
   873 | D:2      | Reached XP level 4. HP: 44/44 MP: 3/3
   906 | D:2      | Found a snail-covered altar of Cheibriados.
   919 | D:2      | Found a bloodstained altar of Trog.
  1003 | D:2      | Reached ** piety under Trog
  1008 | D:2      | Reached skill level 4 in Unarmed Combat
  1101 | D:3      | Noticed a hippogriff
  1110 | D:3      | HP: 2/44 [hippogriff (5)]
  1399 | D:3      | Identified the -1 helmet "Betucyn" {rPois rC+ MP+9 Stlth-}
  1399 | D:3      | Noticed Robin
  1410 | D:3      | Killed Robin
  1545 | D:3      | Killed a hippogriff
  1545 | D:3      | Reached skill level 5 in Unarmed Combat
  1545 | D:3      | Reached XP level 5. HP: 53/53 MP: 4/4
  1545 | D:3      | Reached XP level 6. HP: 61/61 MP: 5/5
  2052 | D:4      | Found Amaessyn's Magic Scroll Boutique.
  2200 | D:4      | Reached skill level 6 in Unarmed Combat
  2363 | D:4      | Reached XP level 7. HP: 67/67 MP: 6/6
  2379 | D:4      | Reached skill level 1 in Stealth
  2637 | D:4      | Found Nuq Tir's Antique Weapon Emporium.
  2787 | D:4      | Found a runed translucent door.
  2787 | D:4      | Noticed gargbit's ghost (amateur GrWz)
  2806 | D:4      | Killed gargbit's ghost
  2967 | D:4      | Found a glowing golden altar of the Shining One.
  3080 | D:5      | Entered Level 5 of the Dungeon
  3080 | D:5      | Noticed Grinder
  3080 | D:5      | Noticed Prince Ribbit
  3093 | D:5      | Killed Grinder
  3093 | D:5      | Reached skill level 7 in Unarmed Combat
  3097 | D:5      | Killed Prince Ribbit
  3097 | D:5      | Reached XP level 8. HP: 70/75 MP: 8/8
  3103 | D:5      | Found a white marble altar of Elyvilon.
  3117 | D:5      | Noticed Ijyb
  3117 | D:5      | Noticed a hippogriff
  3131 | D:5      | HP: 1/75 [hippogriff (6)]
  3165 | D:5      | Killed a hippogriff
  3165 | D:5      | Reached skill level 8 in Unarmed Combat
  3169 | D:5      | Killed Ijyb
  3303 | D:5      | Noticed a hippogriff
  3319 | D:5      | Killed a hippogriff
  3319 | D:5      | Reached skill level 5 in Dodging
  3442 | D:5      | Reached skill level 9 in Unarmed Combat
  3493 | D:5      | Reached *** piety under Trog
  3521 | D:5      | Reached XP level 9. HP: 58/84 MP: 9/9
  3650 | D:5      | Found a runed translucent gate.
  3650 | D:5      | Found a runed translucent gate.
  3651 | D:5      | Found a runed translucent gate.
  3651 | D:5      | Noticed Xerdoz's ghost (amateur DDFi)
  3658 | D:5      | Identified the +6 short sword of the Median {pierce, rPois}
  3658 | D:5      | Identified the +6 chain mail of Ifosh {MR++ Dex+3 Stlth-}
  3683 | D:5      | Found a roughly hewn altar of Beogh.
  3722 | D:5      | HP: 2/84 [Xerdoz's ghost (15)]
  3723 | D:5      | Killed from afar by an orc priest

Levels and vault maps discovered:
D:1:      enne_arrival_octagon_isle, layout_basic, hex_tiny
D:2:      layout_rooms, minitemple, overflow_temple_1_default, uniq_terence
D:3:      layout_loops_corners, uniq_robin
D:4:      layout_loops_corners, serial_shops, nicolae_shop_behind_doors,
          shop_statue, ebering_ghost_inner_flame, lemuel_altar_in_water2
D:5:      layout_cave_pods, first_ration, basic_altar,
          biasface_ghost_orc_armoury, serial_bayou_pond_a, uniq_grinder,
          uniq_ijyb, uniq_prince_ribbit1

Skill      XL: |  1  2  3  4  5  6  7  8 |
---------------+-------------------------+-----
Dodging        | 3 4 5 |  5.6
Unarmed Combat | 5 6 7 9 |  9.4
Fighting       | 3 |  3.9
Stealth        | 1 |  1.9
Evocations     | |  0.5

Action                   |  1- 3 |  4- 6 |  7- 9 || total
-------------------------+-------+-------+-------++-------
Melee: Unarmed           |    77 |   142 |   187 ||   406
       Punch             |     2 |     3 |     7 ||    12
Invok: Berserk           |       |     2 |     5 ||     7
       Trog's Hand       |       |     1 |     4 ||     5
 Abil: Blink             |       |     2 |       ||     2
       Evoke Flight      |       |     1 |     1 ||     2
       Stop Flying       |       |     1 |       ||     1
  Use: Scroll            |     6 |     1 |     2 ||     9
       Potion            |     6 |     4 |     2 ||    12
 Stab: Sleeping          |       |     2 |     1 ||     3
       Distracted        |       |     1 |       ||     1
  Eat: Ration            |     2 |     4 |     4 ||    10
       Chunk             |       |       |     4 ||     4
Armor: Animal skin       |    43 |    47 |    70 ||   160
Dodge: Dodged            |    38 |    45 |   129 ||   212
